 Dungeon Crawl Stone Soup version 0.20.0-14-g326068f (webtiles) character file.

218424 Lavandula the Peltast (level 19, -14/90 HPs)
             Began as a Vine Stalker Enchanter on June 7, 2017.
             Was a High Priest of Hepliaklqana.
             Demolished by a war gargoyle
             ... wielding a +3 flail of protection
              (17 damage)
             ... on level 2 of the Vaults on June 8, 2017.
             The game lasted 03:19:02 (35351 turns).

Lavandula the Peltast (Vine Stalker Enchanter)     Turns: 35351, Time: 03:19:03

Health: -14/90     AC: 20    Str:  8    XL:     19   Next: 11%
Magic:  0/34       EV: 13    Int: 22    God:    Hepliaklqana [*****.]
Gold:   382        SH: 18    Dex: 22    Spells: 10/38 levels left

rFire    + . .     SeeInvis .   U - +8 dagger of Qazlal's Supremacy {drain, +Inv}
rCold    + . .     Gourm    .   S - +5 shield {AC+3}
rNeg     + + .     Faith    .   C - +3 ring mail of the Fifty Deaths {rF+ rN+ Dex+2}
rPois    +         Spirit   +   P - +2 hat of the Bear Spirit {Spirit, +Rage rN+ MR++}
rElec    +         Reflect  .   X - scarf {repulsion}
rCorr    .         Harm     .   O - +2 pair of gloves {Dex+3}
MR       +++++                  T - +1 pair of boots "Corph" {rElec Regen+ Slay+3}
Stlth    +++++.....             G - amulet of regeneration
Regen    1.9/turn               g - ring of False Pretenses {rElec MR+ Str-4 Int+2}
MPRegen  0.3/turn               N - ring of protection from magic

@: about to teleport, no potions, horrified, very slightly contaminated, repel
missiles
A: reduced essence, fangs 3, hooves 1, slimy green scales 1, blink, cold
resistance 1, sense surroundings 1, poison resistance, regeneration 2, screaming
1, magic shield, antimagic bite, no potion heal 3, rot immunity, inability to
drink while threatened, cowardly, inability to train armour, inexperienced 1
}: 1/15 runes: serpentine
a: Blink, Recall Ancestor, Ancestor Identity, Transference, Idealise, Renounce
Religion, Evoke Berserk Rage, Evoke Invisibility


You were on level 2 of the Vaults.
You worshipped Hepliaklqana.
Hepliaklqana was extremely pleased with you.
You were very hungry.

You visited 7 branches of the dungeon, and saw 33 of its levels.
You visited 1 bazaar.
You also visited: Sewer and Ice Cave.

You collected 3257 gold pieces.
You spent 2875 gold pieces at shops.

Inventory:

Hand Weapons
 c - a +5 double sword of holy wrath
 t - a +9 double sword of electrocution
 U - the +8 dagger of Qazlal's Supremacy (weapon) {drain, +Inv}
   (You found it on level 14 of the Dungeon)

   A truly terrible weapon, it drains the life of those it strikes.
   It lets you turn invisible.
Missiles
 s - 5 throwing nets
 D - 3 javelins of returning (quivered)
Armour
 C - the +3 ring mail of the Fifty Deaths (worn) {rF+ rN+ Dex+2}
   (You found it on level 5 of the Dungeon)

   It affects your dexterity (+2).
   It protects you from fire.
   It protects you from negative energy.
 O - a +2 pair of gloves of dexterity (worn)
 P - the +2 hat of the Bear Spirit (worn) {Spirit, +Rage rN+ MR++}
   (You bought it in a shop on level 7 of the Dungeon)

   It protects you from negative energy.
   It affects your resistance to hostile enchantments.
   It lets you go berserk.
 S - a +5 shield of protection (worn)
 T - the +1 pair of boots "Corph" (worn) {rElec Regen+ Slay+3}
   (You found it in an ice cave)

   It affects your accuracy and damage with ranged weapons and melee attacks
   (+3).
   It insulates you from electricity.
   It increases your rate of regeneration.
 X - a scarf of repulsion (worn)
Jewellery
 g - the ring of False Pretenses (left hand) {rElec MR+ Str-4 Int+2}
   (You acquired it on level 8 of the Dungeon)

   [ring of protection from magic]

   It affects your strength (-4).
   It affects your intelligence (+2).
   It insulates you from electricity.
   It affects your resistance to hostile enchantments.
 r - the ring of Kosseuz {+Blink rF+ Str+3 Dex+6}
   (You found it on level 1 of the Lair of Beasts)

   [ring of dexterity]

   It affects your strength (+3).
   It affects your dexterity (+6).
   It protects you from fire.
   It lets you blink.
 G - an amulet of regeneration (around neck)
 N - a ring of protection from magic (right hand)
Wands
 f - a wand of flame (22/48)
 l - a wand of digging (13/24)
 n - a wand of confusion (18/48)
 E - a wand of paralysis (9/24)
 J - a wand of scattershot (6/9)
 Q - a wand of acid (5/15)
Scrolls
 b - a scroll of identify
 i - 20 scrolls of remove curse
 j - 12 scrolls of teleportation
 k - a scroll of fear
 o - 3 scrolls of blinking
 q - a scroll of magic mapping
 w - a scroll of holy word
 y - 2 scrolls of summoning
 B - 4 scrolls of fog
Potions
 a - 4 potions of magic
 e - 4 potions of might
 h - 3 potions of ambrosia
 m - 5 potions of haste
 v - 5 potions of brilliance
 z - 5 potions of lignification
 F - 3 potions of berserk rage
 I - 5 potions of agility
 K - 5 potions of curing
 L - 2 potions of cancellation
Miscellaneous
 p - a lamp of fire
 u - a phantom mirror
 M - a fan of gales
Comestibles
 d - 22 bread rations
 x - 2 meat rations
 A - 3 chunks of flesh


   Skills:
 + Level 11.5 Fighting
 - Level 7.6(10.3) Short Blades
 - Level 10.8(11.7) Long Blades
 - Level 3.6 Throwing
 - Level 5.4 Dodging
 - Level 12.7 Stealth
 - Level 15.0 Shields
 - Level 10.0 Spellcasting
 - Level 5.0 Conjurations
 - Level 7.5 Hexes
 - Level 6.0 Charms
 - Level 6.5 Necromancy
 - Level 6.0 Air Magic
 - Level 6.4 Invocations
 - Level 10.1 Evocations


You had 10 spell levels left.
You knew the following spells:

 Your Spells              Type           Power        Failure   Level  Hunger
a - Corona                Hex            #####..      1%          1    None
b - Ensorcelled Hibernat  Hex/Ice        ####..       6%          2    None
c - Confuse               Hex            #####...     2%          3    None
d - Dazzling Spray        Conj/Hex       #####.       4%          3    None
e - Tukima's Dance        Hex            #####...     2%          3    None
f - Fulminant Prism       Conj/Hex       #####.....   14%         4    ##.....
g - Swiftness             Chrm/Air       ####....     2%          2    None
h - Passwall              Tmut/Erth      ##........   28%         2    None
i - Regeneration          Chrm/Necr      #####.....   4%          3    None
j - Mephitic Cloud        Conj/Pois/Air  ###.....     12%         3    None
k - Apportation           Tloc           ##....       19%         1    None
l - Summon Butterflies    Summ           ##......     19%         1    None


Dungeon Overview and Level Annotations

Branches:
Dungeon (15/15)            Temple (1/1) D:7            Lair (6/6) D:9
 Shoals (3/4) Lair:2        Snake (4/4) Lair:3        Slime (0/5) Lair:6
    Orc (2/2) D:9             Elf (0/3) Orc:2        Vaults (2/5) D:14
  Crypt: Vaults:2-3  Depths: D:15

Altars:
Ashenzari
Cheibriados
Fedhas
Hepliaklqana
Makhleb
Ru
Sif Muna
Uskayaw
Vehumet
Yredelemnul
The Shining One
Jiyva

Shops:
D:7 [**[   D:8 ?   D:9 (   Orc:1 =   Orc:2 ([*:%   Shoals:1 :   Shoals:2 !=?(
Vaults:1 *}

Portals:
Trove: D:10 (give 7 potions of agility)

Annotations:
D:6 Sigmund
Lair:1 exclusion: oklob plant
Shoals:1 exclusion: Roxanne, Roxanne
Shoals:3 Mara
Snake:4 Asterion


Innate Abilities, Weirdness & Mutations

You have razor-sharp teeth.
You heal very quickly.
You occasionally shout uncontrollably at your foes.
When hurt, damage is shared between your health and your magic reserves.
Your bite disrupts and absorbs the magic of your enemies.
Potions cannot restore your health.
You are immune to rotting.
You cannot drink potions while threatened.
Your cowardice makes you less effective in combat with threatening monsters.
You cannot train Armour skill.
You are somewhat inexperienced. (-2 XL)
Your life essence is reduced. (-10% HP)
You have large cloven feet.
You are partially covered in slimy green scales. (AC +2)
You can translocate small distances at will.
Your flesh is cold resistant. (rC+)
You passively map a small area around you.
Your system is resistant to poisons. (rPois)


Message History

The war gargoyle is lightly damaged.
The war gargoyle hits you with a flail of protection.
You hit the war gargoyle but do no damage.
The war gargoyle is lightly damaged.
You hit the war gargoyle but do no damage.
The war gargoyle is lightly damaged.
The war gargoyle launches metal splinters at you.
The spray of metal splinters hits you!
You feel threatened and lose the ability to drink potions!
As you read the scroll of teleportation, it crumbles to dust.
You feel strangely unstable.
The war gargoyle launches metal splinters at you.
The spray of metal splinters hits you!
* * * LOW HITPOINT WARNING * * *
The vault warden activates a sealing rune.
You hear a shout!
You cannot drink potions in your current state!
Unknown command.
The war gargoyle hits you with a flail of protection!
You die...

, , *,, , , *,
#############+########+#+#* * ,
...........#......b.b....# ,
....#'######...bp###p[b>.#
....#......#.bbb...#..[[.#....
....#..=...#...#.#####)([#....
....#......#.[.#b#[()((..#... ,
....#......#b###########(##'### #
....#..(.(.+.(p9@#...#.#(##.#.#.#
....#......#.##### #.#.#p#/..(...
....########...* , #?...R#.pO..>.
...........#...#,#####.R.p.).....
...........#.....#.....[.##)#.#.#
...........#.....###....?####*#
...........#........c...[# ,
...........############'## *, ,
..................# #o. **


You could see a vault warden and a war gargoyle.

Vanquished Creatures
  Vashnia (Snake:2)
  Jorgrun (Shoals:3)
  An Ice Fiend (IceCv)
  Kirke (Lair:4)
  2 nagarajas (Snake:4)
  5 vault wardens
  An orc warlord (Orc:2)
  Aizul (Snake:2)
  2 ironheart preservers
  2 stone giants (Vaults:2)
  2 very ugly things (Vaults:1)
  The ghost of Manul the Unseen, a journeyman OpAs of Gozag (Orc:1)
  A dire elephant (Lair:3)
  3 merfolk impalers (Shoals:2)
  The ghost of Naow the Carver, a journeyman DrBe of Trog (D:11)
  A rakshasa (Vaults:1)
  3 hydras (Lair:6)
  2 vault guards (Vaults:1)
  13 naga warriors
  A merfolk avatar (Shoals:2)
  5 centaur warriors
  2 catoblepae
  7 ogre magi
  A satyr (Shoals:3)
  7 anacondas
  A death knight (Vaults:2)
  An alligator snapping turtle (Shoals:2)
  13 two-headed ogres
  3 tengu warriors
  3 death yaks (Lair:6)
  Urug (D:10)
  26 naga sharpshooters
  3 orc high priests (Orc:2)
  5 shock serpents
  Nergalle (Orc:1)
  A shadow wraith (Vaults:2)
  A fire crab (shapeshifter) (Vaults:1)
  6 sea snakes
  5 unseen horrors
  4 naga ritualists
  5 ironbrand convokers
  3 wizards
  2 deep elf archers
  A lindwurm (Lair:6)
  10 harpies (Shoals:1)
  3 wolf spiders
  8 orc knights
  12 ugly things
  A deep elf mage (D:14)
  7 mana vipers
  14 fauns
  6 orc sorcerers
  6 salamanders
  5 slime creatures
  4 cyclopes
  5 manticores
  9 elephants
  27 black mambas
  25 naga magi
  Joseph (D:10)
  4 merfolk sirens
  6 guardian serpents
  2 centaur zombies
  4 vault sentinels
  A water nymph (Shoals:1)
  8 spiny frogs
  An ice statue (IceCv)
  7 centaur skeletons
  A torpor snail (Lair:6)
  2 komodo dragons
  A kobold demonologist (D:15)
  3 rime drakes
  3 freezing wraiths
  2 golden dragon simulacra (IceCv)
  3 anaconda simulacra (IceCv)
  4 ice devils (IceCv)
  A redback zombie (D:13)
  17 yaktaurs
  19 merfolk
  7 trolls
  2 tengu conjurers
  A wind drake (Shoals:2)
  2 polar bears (Lair:3)
  2 wolf spider simulacra (IceCv)
  2 hornets
  4 blink frogs
  3 hippogriffs
  2 dream sheep (Shoals:1)
  6 snapping turtles
  A meliai zombie (D:14)
  2 shadows
  6 water elementals
  A spriggan (Lair:3)
  A wyvern (D:9)
  3 wraiths
  2 vampires (D:15)
  3 hogs
  37 yaks
  3 basilisks
  3 hungry ghosts
  4 steam dragons
  An iron troll simulacrum (IceCv)
  5 wargs
  60 nagas
  5 hydra simulacra (IceCv)
  An acid dragon (D:13)
  4 harpy simulacra (IceCv)
  A soldier ant (D:13)
  13 porcupines
  12 water moccasins
  3 sky beasts
  42 orc warriors
  4 ice beasts
  2 eyes of draining
  A necrophage (D:8)
  A black bear (D:9)
  4 wolves
  4 phantoms
  19 ogres
  18 centaurs
  8 crocodiles
  2 hexers
  Blork the orc (D:6)
  5 big kobolds
  15 bullfrogs
  A wyvern skeleton (D:14)
  4 scorpions
  8 killer bees
  A howler monkey (D:14)
  7 crimson imps
  3 jellies
  26 orc priests
  6 hounds
  2 quasits (D:10)
  Crazy Yiuf (D:7)
  2 bullfrog skeletons
  30 orc wizards
  5 troll simulacra (IceCv)
  A spriggan simulacrum (IceCv)
  14 worker ants
  A polar bear simulacrum (IceCv)
  A wolf simulacrum (IceCv)
  2 centaur simulacra (IceCv)
  A hound skeleton (D:9)
  2 worker ant zombies
  Robin (D:2)
  7 gnolls (D:7)
  10 adders
  5 naga simulacra (IceCv)
  2 ogre simulacra (IceCv)
  5 river rats (Sewer)
  5 shadow imps
  8 white imps (IceCv)
  4 ufetubi (IceCv)
  An ooze (D:3)
  An adder skeleton (D:5)
  A worm (D:2)
  3 dart slugs
  7 leopard geckos
  102 orcs
  6 ball pythons
  8 giant cockroaches
  15 goblins
  11 hobgoblins
  19 jackals
  36 kobolds
  6 quokkas
  7 bats
  5 frilled lizards
  28 rats
1133 creatures vanquished.

Vanquished Creatures (collateral kills)
  3 nagarajas
  An azure jelly (Lair:6)
  A centaur warrior (Vaults:2)
  A two-headed ogre (D:9)
  3 naga sharpshooters
  A shock serpent (Snake:3)
  A naga ritualist (Snake:4)
  A lindwurm (Lair:6)
  An orc knight (Vaults:1)
  A faun (Shoals:1)
  A manticore (Shoals:3)
  A salamander (Snake:3)
  2 elephants (Lair:3)
  A merfolk siren (Shoals:1)
  2 black mambas
  A naga mage (Snake:1)
  2 guardian serpents
  A spiny frog (Lair:6)
  2 merfolk
  A wind drake (Shoals:1)
  5 blink frogs
  2 hippogriffs
  A hog (Lair:4)
  2 death yak simulacra (IceCv)
  7 nagas
  2 water moccasins
  3 orc warriors
  A wolf (Lair:2)
  2 ogres (Vaults:2)
  A centaur (Shoals:1)
  2 crocodiles (Lair:6)
  A bullfrog (Lair:3)
  A draconian simulacrum (IceCv)
  3 orc wizards (Orc:2)
  3 orc priests
  A troll simulacrum (IceCv)
  8 orcs (Orc:2)
  A plant (Shoals:2)
74 creatures vanquished.

Vanquished Creatures (others)
  A naga warrior (Snake:1)
  A hydra (D:15)
  A two-headed ogre (D:15)
  A merfolk aquamancer (Shoals:1)
  An orc knight (D:15)
  A black mamba (Snake:3)
  A naga mage (Snake:3)
  2 spiny frogs (Lair:6)
  A rime drake (Lair:6)
  A human (Lair:4)
  A porcupine (D:9)
  An orc warrior (D:10)
  2 ancestors (Lair:3)
  30 hexers
  A white imp (IceCv)
  An orc (Orc:2)
  A kobold (D:11)
  A fulminant prism (Vaults:2)
  26 fungi
  3 plants (Lair:3)
  4 tentacles (Shoals:2)
82 creatures vanquished.

Grand Total: 1289 creatures vanquished

Notes
Turn   | Place    | Note
-------+----------+-------------------------------------------
     0 | D:1      | Lavandula the Vine Stalker Enchanter began the quest for the Orb.
     0 | D:1      | Reached XP level 1. HP: 9/9 MP: 4/4
    82 | D:1      | Reached skill level 1 in Short Blades
   364 | D:1      | Reached XP level 2. HP: 11/13 MP: 6/6
   409 | D:1      | Learned a level 2 spell: Ensorcelled Hibernation
   918 | D:1      | Reached XP level 3. HP: 15/16 MP: 0/7
  1079 | D:2      | Noticed Robin
  1505 | D:2      | Learned a level 3 spell: Confuse
  1773 | D:2      | Gained mutation: Your natural rate of healing is unusually fast. [Vine Stalker growth]
  1773 | D:2      | Reached XP level 4. HP: 16/21 MP: 2/8
  1983 | D:2      | Killed Robin
  2576 | D:3      | Reached XP level 5. HP: 21/24 MP: 4/9
  3028 | D:4      | Noticed a phantom
  3039 | D:4      | Found a glowing golden altar of the Shining One.
  3655 | D:4      | Killed a phantom
  3655 | D:4      | Reached XP level 6. HP: 32/32 MP: 7/10
  4070 | D:4      | Learned a level 3 spell: Dazzling Spray
  4143 | D:5      | Entered Level 5 of the Dungeon
  4161 | D:5      | Reached skill level 5 in Short Blades
  4197 | D:5      | Reached XP level 7. HP: 25/35 MP: 3/11
  4623 | D:5      | Got a bloodstained ring mail
  4634 | D:5      | Identified the +3 ring mail of the Fifty Deaths {rF+ rN+ Dex+2} (You found it on level 5 of the Dungeon)
  4970 | D:6      | Gained mutation: You have razor-sharp teeth. [Vine Stalker growth]
  4970 | D:6      | Reached XP level 8. HP: 21/39 MP: 12/12
  5019 | D:6      | Noticed Blork the orc
  5307 | D:6      | Found a glowing drain.
  5324 | Sewer    | Entered a sewer
  6118 | D:6      | Killed Blork the orc
  6118 | D:6      | Reached skill level 5 in Hexes
  6184 | D:6      | Reached XP level 9. HP: 32/43 MP: 13/13
  6244 | D:6      | Noticed Sigmund
  6799 | D:7      | Learned a level 3 spell: Tukima's Dance
  6904 | D:7      | Found Feanu's Assorted Antiques.
  6910 | D:7      | Bought a scroll labeled ZYIBIOTYCS for 31 gold pieces
  6910 | D:7      | Bought a scroll labeled BICSOF VIMM for 31 gold pieces
  6910 | D:7      | Bought a twisted silver wand for 124 gold pieces
  6961 | D:7      | Reached skill level 1 in Armour
  6994 | D:7      | Found Ruzusar's General Store.
  7000 | D:7      | Bought a +1 shield of protection for 165 gold pieces
  7008 | D:7      | Found a runed door.
  7099 | D:7      | Reached skill level 1 in Shields
  7199 | D:7      | Reached skill level 2 in Shields
  7253 | D:7      | Found Sifriog's Antique Armour Shoppe.
  7458 | D:7      | Found a burning altar of Makhleb.
  7463 | D:7      | Reached skill level 3 in Shields
  7569 | D:7      | Found Zioteumm's Armour Shoppe.
  7725 | D:7      | Reached skill level 4 in Shields
  7748 | D:7      | Found a staircase to the Ecumenical Temple.
  7757 | Temple   | Entered the Ecumenical Temple
  7783 | Temple   | Became a worshipper of Ru the Awakened
  7928 | D:7      | Noticed Crazy Yiuf
  7932 | D:7      | Killed Crazy Yiuf
  8166 | D:8      | Reached skill level 5 in Shields
  8270 | D:8      | Reached skill level 6 in Shields
  8273 | D:8      | Gained mutation: You expend magic power (3 MP) to strengthen your wands. [mutagenic meat]
  8313 | D:8      | Reached XP level 10. HP: 47/47 MP: 16/16
  8327 | D:8      | Found Ymnuats's Magic Scroll Emporium.
  8351 | D:8      | Bought a scroll of identify for 22 gold pieces
  8356 | D:8      | Bought a scroll of teleportation for 33 gold pieces
  8356 | D:8      | Bought a scroll of fog for 22 gold pieces
  8356 | D:8      | Bought a scroll of noise for 11 gold pieces
  8356 | D:8      | Bought a scroll of immolation for 38 gold pieces
  8539 | D:9      | Reached skill level 7 in Shields
  8887 | D:9      | Found a staircase to the Orcish Mines.
  8894 | D:9      | Reached skill level 8 in Shields
  8912 | D:9      | Gained mutation: You cannot drink potions while threatened. [Ru sacrifice]
  8912 | D:9      | Reached * piety under Ru
  9290 | D:9      | Found Koh Zize's Antique Weapon Boutique.
  9832 | D:9      | Noticed a two-headed ogre
  9903 | D:9      | Killed a two-headed ogre
  9903 | D:9      | Reached skill level 9 in Shields
 10070 | D:9      | Found a staircase to the Lair.
 10085 | Lair:1   | Entered Level 1 of the Lair of Beasts
 10091 | Lair:1   | Learned a level 4 spell: Fulminant Prism
 10250 | D:10     | Entered Level 10 of the Dungeon
 10252 | D:10     | Noticed Joseph
 10263 | D:10     | Killed Joseph
 10263 | D:10     | Reached skill level 10 in Shields
 10311 | D:10     | Killed an unseen horror
 10311 | D:10     | Reached XP level 11. HP: 41/51 MP: 17/17
 10716 | D:10     | Found a portal to a secret trove of treasure.
 10873 | D:10     | Noticed Urug
 10907 | D:10     | Killed Urug
 10907 | D:10     | Reached skill level 5 in Spellcasting
 11225 | D:10     | Noticed a two-headed ogre
 11226 | D:10     | Noticed a two-headed ogre
 11281 | D:10     | Killed a two-headed ogre
 11285 | D:10     | Killed a two-headed ogre
 11291 | D:10     | Gained mutation: You cannot train Armour skill. [Ru sacrifice]
 11291 | D:10     | Reached ** piety under Ru
 11444 | D:11     | Noticed Naow's ghost (journeyman DrBe)
 11495 | D:11     | Killed Naow's ghost
 11495 | D:11     | Reached skill level 5 in Dodging
 12156 | D:11     | Gained mutation: You heal very quickly. [Vine Stalker growth]
 12156 | D:11     | Reached XP level 12. HP: 56/56 MP: 21/21
 12685 | D:12     | Reached skill level 11 in Shields
 12750 | D:12     | Gained mutation: You are somewhat inexperienced. (-2 XL) [Ru sacrifice]
 12750 | D:12     | Reached XP level 11. HP: 51/51 MP: 20/20
 12750 | D:12     | Reached XP level 10. HP: 47/47 MP: 19/19
 12750 | D:12     | Reached *** piety under Ru
 12750 | D:12     | Reached **** piety under Ru
 13146 | D:12     | Noticed a guardian serpent
 13156 | D:12     | Killed a guardian serpent
 13159 | D:12     | Gained mutation: Your flesh is cold resistant. (rC+) [mutagenic meat]
 13246 | D:12     | Noticed a guardian serpent
 13250 | D:12     | Killed a guardian serpent
 13256 | D:12     | Gained mutation: You occasionally shout uncontrollably at your foes. [mutagenic meat]
 13258 | D:12     | Gained mutation: Scrolls take you a little longer to read. [mutagenic meat]
 13259 | D:12     | Gained mutation: Your system is resistant to poisons. (rPois) [mutagenic meat]
 13260 | D:12     | Gained mutation: Your spells are a little harder to cast, but a little more powerful. [mutagenic meat]
 13261 | D:12     | Lost mutation: Scrolls take you a little longer to read. [mutagenic meat]
 13270 | D:12     | Reached skill level 12 in Shields
 13406 | D:12     | Noticed a green ugly thing
 13421 | D:12     | Killed a green ugly thing
 13421 | D:12     | Reached XP level 11. HP: 51/51 MP: 20/20
 13698 | D:13     | Noticed a manticore
 13703 | D:13     | Killed an unseen horror
 13721 | D:13     | Killed a manticore
 13721 | D:13     | Reached skill level 1 in Evocations
 13936 | D:13     | Noticed a cyan ugly thing
 13956 | D:13     | Killed a cyan ugly thing
 13959 | D:13     | Gained mutation: Your spells are harder to cast, but more powerful. [mutagenic meat]
 13960 | D:13     | Gained mutation: You passively map a small area around you. [mutagenic meat]
 13961 | D:13     | Gained mutation: Your body sometimes deteriorates upon taking damage. [mutagenic meat]
 14163 | D:13     | Killed an unseen horror
 14471 | D:14     | Noticed a green ugly thing
 14472 | D:14     | Noticed a green ugly thing
 14472 | D:14     | Noticed a green ugly thing
 14473 | D:14     | Noticed a green ugly thing
 14491 | D:13     | Reached skill level 13 in Shields
 14498 | D:14     | Noticed a two-headed ogre
 14505 | D:14     | Killed a two-headed ogre
 14547 | D:14     | Noticed a tengu warrior
 14551 | D:14     | Noticed a centaur warrior
 14559 | D:14     | Killed a centaur warrior
 14577 | D:14     | Killed a tengu warrior
 14577 | D:14     | Reached XP level 12. HP: 56/56 MP: 21/21
 14585 | D:14     | Got a jewelled dagger
 14586 | D:14     | Identified the +8 dagger of Qazlal's Supremacy {drain, +Inv} (You found it on level 14 of the Dungeon)
 14608 | D:14     | Gained mutation: Your cowardice makes you less effective in combat with threatening monsters. [Ru sacrifice]
 14608 | D:14     | Reached ***** piety under Ru
 14657 | D:14     | Gained mutation: You regenerate. [mutagenic meat]
 14658 | D:14     | Gained mutation: You tend to lose your temper in combat. [mutagenic meat]
 14660 | D:14     | Gained mutation: Scrolls take you a little longer to read. [mutagenic meat]
 14682 | D:14     | Noticed a two-headed ogre
 14704 | D:14     | Killed a two-headed ogre
 14757 | D:13     | Reached skill level 14 in Shields
 14830 | D:14     | Found a gate to the Vaults.
 14830 | D:14     | Noticed a two-headed ogre
 14857 | D:14     | Killed a two-headed ogre
 14886 | D:14     | Noticed a centaur warrior
 14899 | D:14     | Killed a centaur warrior
 14987 | D:14     | Noticed a centaur warrior
 15005 | D:14     | Killed a centaur warrior
 15418 | D:15     | Entered Level 15 of the Dungeon
 15430 | D:15     | Noticed a tengu warrior
 15459 | D:15     | Killed a tengu warrior
 15473 | D:15     | Noticed an ogre mage
 15473 | D:15     | Noticed a two-headed ogre
 15474 | D:15     | Noticed a two-headed ogre
 15474 | D:15     | Noticed a two-headed ogre
 15505 | D:15     | Noticed a six-headed hydra
 15512 | D:15     | Killed a six-headed hydra
 15589 | D:15     | Reached skill level 15 in Shields
 15647 | D:15     | Reached XP level 13. HP: 59/59 MP: 20/22
 15781 | D:15     | Reached skill level 5 in Evocations
 15848 | D:15     | Reached skill level 1 in Long Blades
 16170 | D:15     | Reached skill level 5 in Long Blades
 16319 | D:15     | Mutation became permanent: You occasionally shout uncontrollably at your foes. [Ru sacrifice]
 16319 | D:15     | Gained mutation: You occasionally shout uncontrollably at your foes. [Ru sacrifice]
 16319 | D:15     | Reached ****** piety under Ru
 16423 | D:15     | Noticed a rakshasa
 16423 | D:15     | Noticed a rakshasa
 16686 | Temple   | Fell from the grace of Ru
 16686 | Temple   | Became a worshipper of Hepliaklqana the Forgotten
 17003 | Lair:1   | Got a scintillating copper ring
 17004 | Lair:1   | Identified the ring of Kosseuz {+Blink rF+ Str+3 Dex+6} (You found it on level 1 of the Lair of Beasts)
 17261 | Lair:2   | Reached * piety under Hepliaklqana
 17439 | Lair:2   | Found a staircase to the Shoals.
 18164 | Lair:3   | Noticed a dire elephant
 18315 | Lair:3   | Reached XP level 14. HP: 54/56 MP: 23/23
 18469 | Lair:3   | Killed a dire elephant
 18648 | D:7      | Bought the +2 hat of the Bear Spirit {Spirit, +Rage rN+ MR++} for 821 gold pieces
 18894 | Lair:3   | Found a staircase to the Snake Pit.
 18955 | Lair:3   | Reached ** piety under Hepliaklqana
 18956 | Lair:3   | Remembered your ancestor Kaya as a hexer
 19398 | Lair:4   | Noticed Kirke
 19591 | Lair:4   | Noticed a sphinx
 19611 | Lair:4   | Killed Kirke
 19885 | Lair:4   | Reached *** piety under Hepliaklqana
 20415 | Lair:5   | Found a snail-covered altar of Cheibriados.
 20530 | Lair:5   | Reached **** piety under Hepliaklqana
 20551 | Lair:5   | Got a slimy chain mail
 20562 | Lair:5   | Identified the +6 chain mail of Magic {rPois rC++ Str-2 Int-4} (You found it on level 5 of the Lair of Beasts)
 20941 | Lair:6   | Entered Level 6 of the Lair of Beasts
 21387 | Lair:6   | Reached skill level 10 in Evocations
 21672 | Lair:6   | Found a staircase to the Slime Pits.
 21672 | Lair:6   | Found a viscous altar of Jiyva.
 21688 | Lair:6   | Noticed an azure jelly
 21701 | Lair:6   | Killed an azure jelly
 21701 | Lair:6   | Reached skill level 5 in Stealth
 21978 | Lair:6   | Reached XP level 15. HP: 56/60 MP: 24/24
 22315 | D:9      | Bought a glowing double sword for 450 gold pieces
 22409 | Orc:1    | Entered Level 1 of the Orcish Mines
 22413 | Orc:1    | Found Raopya's Jewellery Boutique.
 22433 | Orc:1    | Noticed Manul's ghost (journeyman OpAs)
 22455 | Orc:1    | Killed Manul's ghost
 22581 | Orc:1    | Noticed Nergalle
 22593 | Orc:1    | Killed Nergalle
 22890 | Orc:2    | Entered Level 2 of the Orcish Mines
 22890 | Orc:2    | Reached ***** piety under Hepliaklqana
 22899 | Orc:2    | Found a staircase to the Elven Halls.
 23072 | Orc:2    | Found Xaceitwa's Food Shoppe.
 23250 | Orc:2    | Noticed an orc warlord
 23341 | Orc:2    | Killed an orc warlord
 23341 | Orc:2    | Reached skill level 10 in Stealth
 23628 | Orc:2    | Upgraded the game from 0.20.0-10-g0535bb4 to 0.20.0-14-g326068f
 23876 | Orc:2    | Found Siadunas's Antique Armour Shop.
 23877 | Orc:2    | Found Jixenlee's Antique Weapon Shop.
 23878 | Orc:2    | Found Ete Ruwn's General Store.
 23878 | Orc:2    | Found Firaecs's Book Boutique.
 24145 | D:8      | Bought a scroll of acquirement for 572 gold pieces
 24147 | D:8      | Got a coiled turquoise ring
 24149 | D:8      | Identified the ring of False Pretenses {rElec MR+ Str-4 Int+2} (You acquired it on level 8 of the Dungeon)
 24244 | Shoals:1 | Entered Level 1 of the Shoals
 24244 | Shoals:1 | Found Cifesuk's Book Shop.
 24472 | Shoals:1 | Gained mutation: You sometimes yell uncontrollably at your foes. [mutagenic glow]
 24721 | Shoals:1 | Reached skill level 10 in Long Blades
 25014 | Shoals:1 | Noticed Roxanne
 25164 | Shoals:1 | Reached skill level 5 in Fighting
 25315 | Shoals:1 | Learned a level 2 spell: Swiftness
 25318 | Shoals:1 | Learned a level 2 spell: Passwall
 25394 | Shoals:2 | Found Boezoum's Antique Weapon Boutique.
 25529 | Shoals:2 | Found Muocuopnu's Distillery.
 25745 | Shoals:2 | Found Unulumu's Jewellery Shoppe.
 25781 | Shoals:2 | Found a frozen archway.
 25794 | IceCv    | Entered an ice cave
 25872 | IceCv    | Reached XP level 16. HP: 64/71 MP: 22/25
 26488 | IceCv    | Noticed an Ice Fiend
 26859 | IceCv    | Killed an Ice Fiend
 26938 | IceCv    | Got a pair of translucent boots
 26949 | IceCv    | Identified the +1 pair of boots "Corph" {rElec Regen+ Slay+3} (You found it in an ice cave)
 26950 | IceCv    | Identified Bealufie's Catalogue of Evil Cold
 26956 | IceCv    | Learned a level 3 spell: Regeneration
 27002 | Shoals:2 | Reached skill level 1 in Necromancy
 27016 | Shoals:2 | Reached skill level 1 in Charms
 27253 | Shoals:2 | Noticed a kraken
 27399 | Shoals:2 | Found Ujupa's Magic Scroll Shop.
 27407 | Shoals:2 | Bought a scroll of fear for 42 gold pieces
 27407 | Shoals:2 | Bought a scroll of enchant weapon for 90 gold pieces
 27407 | Shoals:2 | Bought a scroll of magic mapping for 42 gold pieces
 27407 | Shoals:2 | Bought a scroll of enchant armour for 90 gold pieces
 27613 | Shoals:3 | Learned a level 3 spell: Mephitic Cloud
 27764 | Shoals:3 | Reached ****** piety under Hepliaklqana
 27764 | Shoals:3 | Noticed Jorgrun
 27781 | Shoals:3 | Killed Jorgrun
 27781 | Shoals:3 | Reached skill level 5 in Necromancy
 27889 | Shoals:3 | Noticed Mara
 28260 | Snake:1  | Entered Level 1 of the Snake Pit
 28260 | Snake:1  | Found a flickering gateway to a bazaar.
 28432 | Bazaar   | Entered a bazaar
 28445 | Bazaar   | Found Deocwekh's Antique Weapon Emporium.
 28456 | Bazaar   | Found Zanitzom's Antique Weapon Shoppe.
 28472 | Bazaar   | Found Zighabefi's Antique Armour Emporium.
 28483 | Bazaar   | Found Osimn's Antique Armour Shoppe.
 28488 | Bazaar   | Bought an embroidered cloak for 187 gold pieces
 29496 | Snake:2  | Noticed Vashnia
 29545 | Snake:2  | Reached skill level 1 in Conjurations
 29568 | Snake:2  | Reached XP level 17. HP: 76/76 MP: 19/27
 29873 | Snake:2  | Reached skill level 5 in Conjurations
 29922 | Snake:2  | Noticed Aizul
 29994 | Snake:2  | Killed Aizul
 29994 | Snake:2  | Reached skill level 1 in Invocations
 30497 | Snake:2  | Lost mutation: You regenerate. [mutagenic meat]
 30499 | Snake:2  | Lost mutation: Scrolls take you a little longer to read. [mutagenic meat]
 30500 | Snake:2  | Gained mutation: You are occasionally teleported next to monsters. [mutagenic meat]
 30501 | Snake:2  | Gained mutation: You are partially covered in slimy green scales. (AC +2) [mutagenic meat]
 30578 | Snake:2  | Reached skill level 5 in Invocations
 30801 | Shoals:2 | Bought a potion of mutation for 104 gold pieces
 30801 | Shoals:2 | Lost mutation: You sometimes yell uncontrollably at your foes. [potion of mutation]
 30801 | Shoals:2 | Lost mutation: You tend to lose your temper in combat. [potion of mutation]
 30801 | Shoals:2 | Gained mutation: Your movements are slightly less encumbered by armour. (ER -2) [potion of mutation]
 30801 | Shoals:2 | Gained mutation: You have large cloven feet. [potion of mutation]
 30802 | Shoals:2 | Lost mutation: You expend magic power (3 MP) to strengthen your wands. [potion of mutation]
 30802 | Shoals:2 | Lost mutation: You are occasionally teleported next to monsters. [potion of mutation]
 30802 | Shoals:2 | Lost mutation: Your body sometimes deteriorates upon taking damage. [potion of mutation]
 30802 | Shoals:2 | Lost mutation: Your spells are harder to cast, but more powerful. [potion of mutation]
 30802 | Shoals:2 | Lost mutation: Your movements are slightly less encumbered by armour. (ER -2) [potion of mutation]
 30802 | Shoals:2 | Lost mutation: Your spells are a little harder to cast, but a little more powerful. [potion of mutation]
 30802 | Shoals:2 | Gained mutation: You can translocate small distances at will. [potion of mutation]
 31083 | Snake:2  | Killed Vashnia
 31355 | Snake:2  | Reached skill level 1 in Air Magic
 31721 | Snake:3  | Reached skill level 5 in Air Magic
 31849 | Snake:3  | Learned a level 1 spell: Apportation
 31851 | Snake:3  | Learned a level 1 spell: Summon Butterflies
 32027 | Snake:3  | Got an ancient copper ring
 32029 | Snake:3  | Identified the ring of Harmony {Str+3 Dex+2} (You acquired it on level 3 of the Snake Pit)
 32210 | Snake:4  | Entered Level 4 of the Snake Pit
 32214 | Snake:4  | Reached skill level 5 in Charms
 32599 | Snake:4  | Reached XP level 18. HP: 81/81 MP: 29/29
 33354 | Snake:4  | Noticed Asterion
 33413 | Snake:4  | Got a serpentine rune of Zot
 33826 | Vaults:1 | Entered Level 1 of the Vaults
 33884 | Vaults:1 | Reached skill level 10 in Spellcasting
 34531 | Vaults:1 | Found Faoneur's General Store.
 34580 | Vaults:1 | Found Biphegg's Gadget Boutique.
 34890 | Vaults:1 | Reached skill level 10 in Fighting
 35228 | Vaults:2 | Reached XP level 19. HP: 89/89 MP: 19/34
 35350 | Vaults:2 | HP: 1/90 [war gargoyle/spray of metal splinters (34)]
 35351 | Vaults:2 | Demolished by a war gargoyle

Skill      XL: |  1  2  3  4  5  6  7  8  9 10 11 12 13 14 15 16 17 18 19 |
---------------+----------------------------------------------------------+-----
Short Blades   | 1 2 3 4 5 7 |  7.6
Stealth        | 4 6 10 12 | 12.7
Fighting       | 2 6 8 10 11 | 11.5
Hexes          | 4 5 7 |  7.5
Throwing       | 3 |  3.6
Spellcasting   | 3 5 6 7 10 | 10.0
Armour         | 1 0 |  0.0
Shields        | 6 12 13 15 | 15.0
Dodging        | 5 |  5.4
Evocations     | 3 5 10 | 10.1
Long Blades    | 8 10 | 10.8
Necromancy     | 6 |  6.5
Charms         | 2 5 6 |  6.0
Conjurations   | 2 5 |  5.0
Invocations    | 6 |  6.4
Air Magic      | 6 |  6.0

Action                   |  1- 3 |  4- 6 |  7- 9 | 10-12 | 13-15 | 16-18 | 19-21 || total
-------------------------+-------+-------+-------+-------+-------+-------+-------++-------
Melee: Dagger            |    87 |   185 |   589 |  1245 |  1163 |  1489 |    64 ||  4822
       Bite              |    17 |    45 |   165 |   439 |   472 |   476 |    23 ||  1637
Throw: Javelin           |       |       |     4 |     2 |     5 |     5 |       ||    16
 Cast: Corona            |     6 |       |       |     2 |       |       |       ||     8
       Ensorcelled Hiber |    19 |    20 |    31 |    36 |    32 |    56 |       ||   194
       Confuse           |       |    23 |    29 |   132 |    78 |    46 |       ||   308
       Dazzling Spray    |       |       |     3 |     2 |    56 |   138 |       ||   199
       Tukima's Dance    |       |       |       |     4 |       |       |       ||     4
       Mephitic Cloud    |       |       |       |       |       |    20 |     2 ||    22
       Regeneration      |       |       |       |       |       |    12 |     1 ||    13
       Summon Butterflie |       |       |       |       |       |     9 |     3 ||    12
       Swiftness         |       |       |       |       |       |     2 |       ||     2
       Fulminant Prism   |       |       |       |       |       |       |     1 ||     1
Invok: Sacrifice Drink   |       |       |       |     1 |       |       |       ||     1
       Sacrifice Experie |       |       |       |     1 |       |       |       ||     1
       Draw Out Power    |       |       |       |     1 |       |       |       ||     1
       Sacrifice Durabil |       |       |       |     1 |       |       |       ||     1
       Sacrifice Courage |       |       |       |     1 |       |       |       ||     1
       Recall Ancestor   |       |       |       |       |     3 |     6 |       ||     9
       Sacrifice Purity  |       |       |       |       |     1 |       |       ||     1
       Ancestor Life: He |       |       |       |       |     1 |       |       ||     1
       Idealise          |       |       |       |       |       |     4 |       ||     4
       Transference      |       |       |       |       |       |     2 |       ||     2
 Abil: Evoke Invisibilit |       |       |       |       |     6 |     5 |       ||    11
       Evoke Blink       |       |       |       |       |     2 |       |       ||     2
       Evoke Berserk Rag |       |       |       |       |       |     1 |       ||     1
       Blink             |       |       |       |       |       |       |     1 ||     1
Evoke: Wand              |       |       |       |     4 |    11 |     4 |       ||    19
       Fan of gales      |       |       |       |       |     1 |       |       ||     1
       Lamp of fire      |       |       |       |       |     2 |     2 |       ||     4
  Use: Scroll            |       |       |       |    15 |    10 |    31 |     1 ||    57
       Potion            |       |       |       |       |     1 |     6 |       ||     7
 Stab: Sleeping          |    17 |    15 |    25 |    23 |    19 |    33 |       ||   132
       Confused          |       |     5 |    13 |    59 |    36 |    56 |     5 ||   174
       Distracted        |       |     1 |     1 |     5 |     9 |    17 |     1 ||    34
       Invisible         |       |       |     1 |     2 |    39 |    78 |     1 ||   121
       Paralysed         |       |       |       |     1 |    11 |    23 |     2 ||    37
       Petrified         |       |       |       |       |     2 |       |       ||     2
  Eat: Chunk             |     4 |     6 |    18 |    41 |    35 |    13 |       ||   117
       Royal jelly       |       |     3 |     1 |       |     2 |     4 |       ||    10
       Fruit             |       |     1 |       |       |       |     3 |       ||     4
       Meat ration       |       |       |       |     3 |       |     2 |       ||     5
       Bread ration      |       |       |       |       |     1 |     2 |       ||     3
Armor: Robe              |    12 |    16 |     1 |       |       |       |       ||    29
       Ring mail         |       |       |   136 |   172 |   148 |   134 |     4 ||   594
       Leather armour    |       |       |       |       |       |    50 |       ||    50
Dodge: Dodged            |    64 |   133 |   280 |   305 |   381 |   269 |    12 ||  1444
       Deflected         |       |       |       |       |       |   113 |     5 ||   118
Block: Shield            |       |       |    80 |   431 |   653 |   679 |    24 ||  1867
       Large shield      |       |       |       |       |       |     5 |       ||     5
